 Dungeon Crawl Stone Soup version 0.14.2 (webtiles) character file.

540 Amnesiac the Ducker (level 6, 0/30 HPs)
             Began as a Spriggan Artificer on Feb 9, 2018.
             Slain by a phantom (10 damage)
             ... on Level 4 of the Dungeon.
             The game lasted 00:06:31 (3981 turns).

Amnesiac the Ducker (Spriggan Artificer)            Turns: 3981, Time: 00:06:31

HP   0/30        AC  2     Str  7      XL: 6   Next: 44%
MP  17/17        EV 21     Int 13      God:
Gold 165         SH  0     Dex 19      Spells:  0 memorised,  5 levels left

rFire  . . .     SeeInvis +     a - +0 short sword
rCold  . . .     Clarity  .     e - +0 robe
rNeg   . . .     Conserve .     (shield restricted)
rPois  .         rCorr    .     (helmet restricted)
rElec  .         rRot     .     (no cloak)
SustAb . .       Spirit   .     (gloves unavailable)
rMut   .         Warding  .     (boots unavailable)
Saprov . . .     Stasis   .     (no amulet)
MR     +....                    (no ring)
                                (no ring)

@: very quick, somewhat resistant to hostile enchantments, quite stealthy
A: unfitting armour, see invisible, herbivore 3, speed 3, slow metabolism 2
a: no special abilities


You were on level 4 of the Dungeon.
You were very full.

You visited 1 branch of the dungeon, and saw 4 of its levels.

You collected 165 gold pieces.

Inventory:

Hand weapons
 a - a +0,+0 short sword (weapon)
 b - a +0 blowgun
Missiles
 h - 53 darts (quivered)
 p - 24 poisoned needles
Armour
 e - a +0 robe (worn)
Magical devices
 c - a wand of enslavement (12)
 d - a wand of random effects (11)
 q - a wand of flame (0)
Comestibles
 k - a bread ration
Scrolls
 f - a scroll of enchant weapon II {!r, unknown}
 l - a scroll of fog {!r}
 n - a scroll of immolation {!r, unknown}
 o - a scroll of recharging {!r, unknown}
 t - a scroll of fear {!r, unknown}
 u - a scroll of remove curse {!r}
Potions
 g - a potion of restore abilities {!q}
 i - a potion of resistance {!q}
 r - a potion of cure mutation {!q}
 v - 2 potions of curing {!q}


   Skills:
 + Level 1.7 Fighting
 - Level 4.0 Short Blades
 * Level 5.5 Dodging
 + Level 4.8 Stealth
 * Level 5.3 Evocations


You had 5 spell levels left.
You didn't know any spells.

Dungeon Overview and Level Annotations

Branches:
Dungeon (4/15)
 Temple: D:4-7

Altars:
The Shining One


Innate Abilities, Weirdness & Mutations

You are tiny and cannot use many weapons and most armour.
You have supernaturally acute eyesight.
You are a herbivore.
You cover ground extremely quickly.
You need consume almost no food.


Message History

The phantom completely misses you.
You barely miss the phantom. The phantom closely misses you.
You hit the phantom.
The phantom is lightly damaged.
The phantom hits you.
You hit the phantom.
The phantom is moderately damaged.
The phantom misses you.
You miss the phantom.
The phantom is moderately damaged.
The phantom hits you.
You barely miss the phantom.
The phantom is moderately damaged.
The phantom hits you.
The phantom blinks!
You hit the phantom.
The phantom is moderately damaged.
The phantom blinks!
You barely miss the phantom.
The phantom is moderately damaged.
The phantom hits you but does no damage.
You closely miss the phantom.
The phantom is moderately damaged.
The phantom blinks!
The phantom blinks!
You hit the phantom.
The phantom is moderately damaged.
You hit the phantom.
The phantom is heavily damaged.
The phantom closely misses you.
You closely miss the phantom.
The phantom is heavily damaged.
The phantom blinks!
The phantom blinks!
You hit the phantom.
The phantom is heavily damaged.
The phantom blinks!
You closely miss the phantom.
The phantom is heavily damaged.
The phantom hits you.
The phantom blinks!
The phantom hits you!
* * * LOW HITPOINT WARNING * * *
The phantom blinks!
You closely miss the phantom.
The phantom is heavily damaged.
The phantom hits you.
* * * LOW HITPOINT WARNING * * *
You closely miss the phantom.
The phantom is heavily damaged.
The phantom closely misses you.
You barely miss the phantom.
The phantom is heavily damaged.
The phantom completely misses you.
You closely miss the phantom.
The phantom is heavily damaged.
The phantom barely misses you.
Unknown command.
You closely miss the phantom.
The phantom is heavily damaged.
The phantom barely misses you.
Unknown command.
You hit the phantom.
The phantom is heavily damaged.
The phantom hits you!
You die...

#.# #.....## # #.#
#.#....##### #.#
#........... #.#
###.##.##### #.#
#####.##.#
####.####...#.##.#####
#.....................
#.......#...#.##.##.#.
#....@..#...#.##.##.#.
#...p...#...#.##.##...
#....####...#.##.#....
###....#
#...#.##.##...
#......#
#.....(.......
#......#
####.......###
#...$### #.......#
#.... #.......# #....
#.......#


You could see a phantom.

Vanquished Creatures
  Purgy (D:4)
  Sigmund (D:2)
  A scorpion (D:4)
  An orc priest (D:3)
  An orc wizard (D:3)
  Ijyb (D:2)
  Terence (D:2)
  3 adders
  A giant mite (D:1)
  An adder skeleton (D:4)
  2 giant geckos
  7 orcs
  2 giant cockroaches
  7 hobgoblins
  A quokka (D:2)
  9 bats
  4 giant newts
  5 goblins
  2 jackals (D:2)
  14 kobolds
  2 quokka skeletons (D:4)
  9 rats
  A rat skeleton (D:4)
77 creatures vanquished.

Notes
Turn   | Place    | Note
--------------------------------------------------------------
     0 | D:1      | Amnesiac, the Spriggan Artificer, began the quest for the Orb.
     0 | D:1      | Reached XP level 1. HP: 9/9 MP: 2/2
    19 | D:1      | Reached skill level 1 in Fighting
   196 | D:1      | Reached XP level 2. HP: 14/14 MP: 5/5
  1089 | D:2      | Reached XP level 3. HP: 18/18 MP: 8/8
  1109 | D:2      | Noticed Ijyb
  1120 | D:2      | Killed Ijyb
  1298 | D:2      | Noticed Terence
  1315 | D:2      | Killed Terence
  1523 | D:2      | Reached XP level 4. HP: 22/22 MP: 10/10
  1942 | D:2      | Noticed Sigmund
  1959 | D:2      | Killed Sigmund
  1959 | D:2      | Reached XP level 5. HP: 25/25 MP: 13/13
  3167 | D:3      | Found a glowing golden altar of the Shining One.
  3567 | D:4      | Noticed Purgy
  3641 | D:4      | Killed Purgy
  3641 | D:4      | Reached skill level 5 in Dodging
  3641 | D:4      | Reached skill level 5 in Evocations
  3641 | D:4      | Reached XP level 6. HP: 30/30 MP: 15/17
  3937 | D:4      | Noticed a phantom
  3981 | D:4      | Slain by a phantom

Action                   |  1- 3 |  4- 6 || total
-------------------------+-------+-------++-------
Melee: Short sword       |    95 |   160 ||   255
 Fire: Blowgun           |       |     9 ||     9
Evoke: Wand              |    10 |    12 ||    22
  Use: Scroll            |       |     7 ||     7
       Potion            |       |     1 ||     1
 Stab: Sleeping          |     9 |     7 ||    16
       Distracted        |     1 |     1 ||     2
       Paralysed         |       |     2 ||     2
